 Dungeon Crawl Stone Soup version 0.31-a0-202-g547052bce9 (webtiles) character file.

Game seed: 16456872538287536086

59 qw the Shooter (level 3, 0/20 HPs)
             Began as a Deep Elf Hunter on June 26, 2023.
             Succumbed to their own poison gas
             ... on level 2 of the Dungeon.
             The game lasted 00:00:32 (1126 turns).

qw the Shooter (Deep Elf Hunter)                    Turns: 1126, Time: 00:00:32

Health: 0/20       AC:  6    Str: 10    XL:     3   Next: 78%
Magic:  5/5        EV: 11    Int: 13    God:
Gold:   31         SH:  0    Dex: 18    Spells: 2/2 levels left

rFire   . . .        Y - +1 shortbow
rCold   . . .        (shield currently unavailable)
rNeg    . . .        j - +0 ring mail
rPois   .            (no helmet)
rElec   .            (no cloak)
rCorr   .            g - +0 pair of gloves
SInv    .            (no boots)
Will    .....        (no amulet)
Stlth   +            (no ring)
HPRegen 0.23/turn    (no ring)
MPRegen 0.09/turn

%: no passive effects
@: lethally poisoned (0 -> -7)
A: no striking features
a: no special abilities


You were on level 2 of the Dungeon.
You visited 1 branch of the dungeon, and saw 2 of its levels.

You collected 31 gold pieces.


   Skills:
 - Level 1.5 Fighting
 + Level 7.3 Ranged Weapons
 - Level 2.4 Dodging
 - Level 1.2 Stealth


You had 2 spell levels left.
You didn't know any spells.
Your spell library was empty.

Inventory:

Hand Weapons
 Y - a +1 shortbow (weapon)
Armour
 g - a +0 pair of gloves (worn)
 j - a +0 ring mail (worn)
Scrolls
 b - a scroll of identify
Potions
 d - a potion of heal wounds
 f - a potion of curing {unknown}
 h - a potion of brilliance {unknown}
 i - a potion of berserk rage {unknown}

Dungeon Overview and Level Annotations

Branches:
Dungeon (2/15)

Altars:


Message History

Sorry, I don't know how to get there.
Enter note:
Enter note:
Enter note:
Enter note:
Enter note:
Enter note:
Enter note:
Enter note:
Enter note: Really walk into that cloud of poison gas?
You are engulfed in poison gas.
You are lethally poisoned!
You feel very sick.
Enter note:
Enter note:
Enter note:
Enter note:
Enter note:
Enter note:
Enter note:
Enter note:
Enter note:
Enter note:
Enter note:
Enter note:
Enter note:
Enter note:
Enter note:
Enter note:
Enter note:
Enter note:
1123 ||| Stepping ~*~*~tactically~*~*~ (cloud).
You feel very sick.
There is a lethal amount of poison in your body!
You feel very sick.
There is a lethal amount of poison in your body!
You feel sick.
There is a lethal amount of poison in your body!
You die...

.....................# #..#
..###........##¤########.##
..# #........##0¤#####0¤.#
..# #........###¤####00#.#
..# #........###000#¤0##.#
..# #........#¤¤00¤¤00...#
..# #........#¤¤¤0¤0######
).###........#00¤¤¤0####
.............#¤¤@00¤####
........######0¤0¤¤¤####
........######0¤¤00¤####
........######¤00¤¤0####
........######¤¤¤00¤####
....[...######¤¤¤¤¤¤####
........######¤¤¤0¤0####
........################
#########


There were no monsters in sight!

Vanquished Creatures
  A worm (D:2)
  3 dart slugs
  5 bats
  4 endoplasms
  3 giant cockroaches (D:2)
  10 goblins
  5 hobgoblins
  3 quokkas
  2 ball pythons (D:1)
  A frilled lizard (D:2)
  5 kobolds
  2 rats
44 creatures vanquished.

Notes
Turn   | Place    | Note
-------+----------+-------------------------------------------
     0 | D:1      | qw the Deep Elf Hunter began the quest for the Orb.
     0 | D:1      | Reached XP level 1. HP: 12/12 MP: 3/3
     0 | D:1      | 0 ||| qw: Version: 0.3-a-22-g0ed2b0b
     0 | D:1      | 0 ||| qw: Game counter: 6253
     0 | D:1      | 0 ||| qw: Melee chars always use a shield: true
     0 | D:1      | 0 ||| qw: God list: Okawaru
     0 | D:1      | 0 ||| qw: Allow faded altars: false
     0 | D:1      | 0 ||| qw: Do Orc after clearing Dungeon:15 true
     0 | D:1      | 0 ||| qw: Do second Lair branch before Depths: true
     0 | D:1      | 0 ||| qw: Lair rune preference: random
     0 | D:1      | 0 ||| qw: Goals: Normal
     0 | D:1      | 0 ||| PLANNING D:1-11
   120 | D:1      | Reached XP level 2. HP: 16/16 MP: 4/4
   136 | D:1      | Reached skill level 6 in Ranged Weapons
   184 | D:1      | Found a faded altar of an unknown god.
   491 | D:1      | Reached XP level 3. HP: 20/20 MP: 5/5
   673 | D:1      | 673 ||| UPGRADING to +0 pair of gloves.
   678 | D:1      | 678 ||| UPGRADING to +0 ring mail.
   688 | D:1      | 688 ||| DROPPING +0 leather armour.
   689 | D:1      | 689 ||| READING scroll labelled XYG NUIXIWU.
   690 | D:1      | 690 ||| DROPPING scroll of butterflies.
   805 | D:2      | Reached skill level 7 in Ranged Weapons
  1117 | D:2      | 1117 ||| READING scroll labelled PEN ROANLEYTOSCH.
  1118 | D:2      | 1118 ||| READING 3 scrolls labelled HUODIPRUBIYL.
  1119 | D:2      | 1119 ||| READING scroll labelled UFYIPHE VIETIL.
  1120 | D:2      | 1120 ||| READING scroll labelled LALEQI SYUPO.
  1121 | D:2      | 1121 ||| READING 2 scrolls of identify.
  1121 | D:2      | 1121 ||| IDENTIFYING fizzy puce potion
  1123 | D:2      | 1123 ||| Stepping ~*~*~tactically~*~*~ (cloud).
  1124 | D:2      | HP: 4/20 [poisoned by you (poison gas)]
  1126 | D:2      | Succumbed to their own poison gas

Levels and vault maps discovered:
D:1:      doesnt_arrival_eight_statues, layout_basic, basic_ecumenical_altar
D:2:      layout_basic

Skill      XL: |  1  2  3 |
---------------+----------+-----
Ranged Weapons | 6 7 |  7.3
Fighting       | |  1.5
Dodging        | |  2.4
Stealth        | |  1.2

Action                     || total
---------------------------++-------
   Fire: Shortbow          ||   114
    Use: Scroll            ||     6
 Armour: Leather armour    ||     4
         Ring mail         ||     5
  Dodge: Dodged            ||    19

Table legend:
 A = Non-vault XP
 B = Vault XP
 C = Vault XP percentage of total XP
 D = Non-vault monster count
 E = Vault monster count
 F = Vault count percentage of total count
                 A         B        C        D         E       F
            +---------+---------+-------+---------+---------+-------
      Total |      85 |       0 |   0.0 |      44 |       0 |   0.0
            +---------+---------+-------+---------+---------+-------
        D:1 |      45 |       0 |   0.0 |      26 |       0 |   0.0
        D:2 |      40 |       0 |   0.0 |      18 |       0 |   0.0
            +---------+---------+-------+---------+---------+-------
